 Dungeon Crawl Stone Soup version 0.23.0-3-gf3c87f2 (webtiles) character file.

Game seed: 5613726549112051639

21 Borgoz the Sneak (level 2, -2/20 HPs)
             Began as a Ghoul Enchanter on Feb 24, 2019.
             Slain by an ooze (3 damage)
             ... on level 1 of the Dungeon.
             The game lasted 00:02:00 (239 turns).

Borgoz the Sneak (Ghoul Enchanter)                   Turns: 239, Time: 00:02:00

Health: -2/20      AC:  2    Str: 11    XL:     2   Next: 83%
Magic:  4/4        EV: 12    Int: 10    God:
Gold:   39         SH:  0    Dex:  9    Spells: 4/5 levels left

rFire    . . .     SeeInvis .   e - -2 dagger (curse)
rCold    + . .     Gourm    .   (no shield)
rNeg     + + +     Faith    .   b - +0 robe
rPois    ∞         Spirit   .   (no helmet)
rElec    .         Reflect  .   (no cloak)
rCorr    .         Harm     .   (no gloves)
MR       .....                  (no boots)
Stlth    ++........             g - amulet of the acrobat
HPRegen  0.00/turn              (no ring)
MPRegen  0.09/turn              (no ring)

@: rotting
A: rotting body, claws 1, carnivore, cold resistance 1, negative energy
resistance 3, inhibited regeneration, torment resistance, unbreathing
a: no special abilities


You were on level 1 of the Dungeon.
You were not hungry.

You visited 1 branch of the dungeon, and saw 1 of its levels.

You collected 39 gold pieces.

Inventory:

Hand Weapons
 a - a +1 dagger
 e - a cursed -2 dagger (weapon)
 h - a +1 dagger of venom
Armour
 b - a +0 robe (worn)
Jewellery
 g - an amulet of the acrobat (around neck)
Scrolls
 c - a scroll of identify
Comestibles
 d - 2 rations
 f - a chunk of flesh


   Skills:
 * Level 1.4 Short Blades
 * Level 2.2 Dodging
 + Level 3.5 Stealth
 + Level 2.0 Spellcasting
 - Level 2.4 Hexes


You had 4 spell levels left.
You knew the following spells:

 Your Spells              Type           Power        Failure   Level  Hunger
a - Corona                Hex            #......      12%         1    ##.....

Your spell library contained the following spells:

 Spells                   Type           Power        Failure   Level  Hunger
 Ensorcelled Hibernation  Hex/Ice        #.....       28%         2    ###....
 Confuse                  Hex            #.......     34%         3    ####...
 Tukima's Dance           Hex            #.......     34%         3    ####...
 Dazzling Spray           Conj/Hex       #.....       50%         3    ####...


Dungeon Overview and Level Annotations

Branches:
Dungeon (1/15)

Altars:


Innate Abilities, Weirdness & Mutations

Your body is rotting away.
You thrive on raw meat.
You are immune to poison.
You have sharp fingernails.
You are carnivorous and can eat meat at any time.
Your flesh is cold resistant. (rC+)
You are immune to negative energy. (rN+++)
You do not regenerate when monsters are visible.
You are immune to unholy pain and torment.
You can survive without breathing.


Message History

You eat one of the 3 chunks of flesh.
This raw flesh tastes great!
Things that are here:
a +0 club; a goblin corpse You butcher the goblin corpse.
Things that are here:
a +0 club; 3 chunks of flesh; a goblin skeleton Eat one of 2 chunks of flesh? (ye/n/q)
You eat one of the 2 chunks of flesh.
This raw flesh tastes great!
The kobold hits you.
You completely miss the kobold. The kobold closely misses you.
The ooze closely misses you.
You barely miss the kobold. The kobold hits you.
* * * LOW HITPOINT WARNING * * *
The ooze barely misses you.
You hit the kobold but do no damage. The kobold misses you. The ooze hits you.
* * * LOW HITPOINT WARNING * * *
You closely miss the kobold. The kobold hits you.
* * * LOW HITPOINT WARNING * * *
The ooze hits you.
You die...

..............##....
........####....####....
................# #....
..............### #....
..............# ######
..............# #<....
.....[........# ######
#......)......# .....
#.....K@.....##.. .....
.....>.J....## .8. #####
............# ....#hkls
............# .8..#####
............# .........
............# #.8.....
............# ####.8.8
............##########.#
........................


You could see an ooze and a kobold.

Vanquished Creatures
  An ooze (D:1)
  A dart slug (D:1)
  3 bats (D:1)
  3 goblins (D:1)
  2 hobgoblins (D:1)
  A jackal (D:1)
  A kobold (D:1)
  A rat (D:1)
13 creatures vanquished.

Notes
Turn   | Place    | Note
-------+----------+-------------------------------------------
     0 | D:1      | Borgoz the Ghoul Enchanter began the quest for the Orb.
     0 | D:1      | Reached XP level 1. HP: 14/14 MP: 2/2
     6 | D:1      | Noticed a wyvern
     7 | D:1      | Noticed a black bear
     7 | D:1      | Noticed a lindwurm
    30 | D:1      | Reached skill level 1 in Short Blades
   122 | D:1      | Reached XP level 2. HP: 8/20 MP: 3/3
   239 | D:1      | HP: 1/20 [kobold (3)]
   239 | D:1      | Slain by an ooze

Skill      XL: |  1  2 |
---------------+-------+-----
Short Blades   | 1 |  1.4
Dodging        | 2 |  2.2
Spellcasting   | 2 |  2.0
Stealth        | |  3.5
Hexes          | |  2.4

Action                   || total
-------------------------++-------
Melee: Dagger            ||    44
  Use: Scroll            ||     2
       Potion            ||     1
 Stab: Sleeping          ||     1
  Eat: Chunk             ||     8
Armor: Robe              ||     5
Dodge: Dodged            ||    39
